 Dungeon Crawl Stone Soup version 0.28-a0-779-g3d1f99b579 (webtiles) character file.

Game seed: 12199066141154659806

82 meatgazer the Distorting Demonspawn (level 4, -9/37 HPs)
             Began as a Demonspawn Abyssal Knight on Nov 2, 2021.
             Was a Believer of Lugonu.
             Mangled by a gnoll (11 damage)
             ... on level 1 of the Dungeon.
             The game lasted 00:03:25 (2561 turns).

meatgazer the Distorting Demonspawn (DsAK)          Turns: 2561, Time: 00:03:25

Health: -9/37      AC:  7    Str: 14 (15) XL:     4   Next: 21%
Magic:  6/6        EV:  9    Int: 11      God:    Lugonu [**....]
Gold:   115        SH:  0    Dex: 15      Spells: 3/3 levels left

rFire   . . .      SeeInvis .   e - +2 falchion (distort)
rCold   . . .      Faith    .   (no shield)
rNeg    . . .      Spirit   .   f - +0 scale mail
rPois   .          Reflect  .   (no helmet)
rElec   .          Harm     .   b - +0 cloak
rCorr   .          Rampage  .   (no gloves)
Will    .....                   (no boots)
Stlth   +.........              (no amulet)
HPRegen 0.12/turn               (no ring)
MPRegen 0.10/turn               (no ring)

@: no status effects
A: thin skeletal structure 1, ignite blood 1
a: Renounce Religion, Depart the Abyss, Bend Space


You were on level 1 of the Dungeon.
You worshipped Lugonu.
Lugonu was pleased with you.
You visited 1 branch of the dungeon, and saw 3 of its levels.
You visited the Abyss 1 time.

You collected 115 gold pieces.

Inventory:

Hand Weapons
 e - a +2 falchion of distortion (weapon)
Armour
 b - a +0 cloak (worn)
 f - a +0 scale mail (worn)
Scrolls
 a - a scroll of amnesia {unknown}


   Skills:
 + Level 3.7 Fighting
 + Level 2.7 Long Blades
 - Level 1.7 Armour
 - Level 0.8 Dodging
 + Level 3.9 Invocations


You had 3 spell levels left.
You didn't know any spells.
Your spell library was empty.

Dungeon Overview and Level Annotations

Branches:
Dungeon (3/15)

Altars:
Fedhas
Qazlal

Shops:
D:2 :

Annotations:
D:2 Sigmund


Innate Abilities, Weirdness & Mutations

You have a somewhat thin skeletal structure. (Dex +2, Stealth+)
Your demonic aura sometimes causes spilled blood to erupt in flames.


Message History

The adder bites you but does no damage.
There is a stone staircase leading up here.
You feel sick. The gnoll hits you with a +0 flail.
The adder closely misses you.
You climb upwards.
You feel sick.
There is a stone staircase leading down, spattered with blood here.
You feel sick.
You feel sick.
You are no longer poisoned.
The adder bites you.
Things that are here:
a +0 club; a jackal skeleton The gnoll closely misses you.
You slash the adder!
The adder is severely wounded.
The adder blinks!
You hit the gnoll.
The gnoll is lightly wounded.
The gnoll blinks!
The gnoll hits you with a +0 flail.
You barely miss the gnoll.
The gnoll is lightly wounded.
The gnoll hits you with a +0 flail.
You miss the adder.
The adder is heavily wounded.
The adder bites you. The gnoll hits you but does no damage.
The adder closely misses you.
You miss the adder.
The adder is heavily wounded.
The adder bites you but does no damage. The gnoll hits you with a +0 flail.
You miss the adder.
The adder is heavily wounded.
The adder misses you. The gnoll hits you with a +0 flail!
* * * LOW HITPOINT WARNING * * *
The adder bites you.
* * * LOW HITPOINT WARNING * * *
You barely miss the gnoll.
The gnoll is lightly wounded.
The gnoll barely misses you. The gnoll hits you with a +0 flail!
You die...

########......####
#.# ##.#.###.#...
#.# #....)...#.##
#.# #.#####..#...
#.####..##....#...
#.#.#.#.#.##......
#..........####...
#.#.......#.......
#@gS.>.....###....
###....)..## #....
#.........###....
##.......#.......
#..........######
##.#.#.#.###
#########


You could see a gnoll and an adder.

Vanquished Creatures
  2 adders (D:2)
  2 gnolls (D:1)
  2 bats (D:1)
  5 endoplasms
  A giant cockroach (D:3)
  3 goblins
  2 hobgoblins (D:1)
  9 jackals (D:1)
  A quokka (D:2)
  7 ball pythons
  2 frilled lizards
  2 rats
38 creatures vanquished.

Notes
Turn   | Place    | Note
-------+----------+-------------------------------------------
     0 | Abyss:1  | meatgazer the Demonspawn Abyssal Knight began the quest for
                  | the Orb.
     0 | Abyss:1  | Reached XP level 1. HP: 18/18 MP: 2/2
    56 | Abyss:3  | Noticed a hellephant
    57 | D:1      | Escaped the Abyss
   544 | D:1      | Reached * piety under Lugonu
   769 | D:1      | Gained mutation: Your demonic aura sometimes causes spilled
                  | blood to erupt in flames. [demonic ancestry]
   769 | D:1      | Reached XP level 2. HP: 21/24 MP: 4/4
  1088 | D:1      | Found a faded altar of an unknown god.
  1495 | D:2      | Found a stormy altar of Qazlal.
  1520 | D:2      | Noticed Sigmund
  1632 | D:2      | Reached XP level 3. HP: 29/29 MP: 5/5
  1820 | D:2      | Found Zunoomp's Book Shoppe.
  1826 | D:2      | You fall into a shaft and drop 1 floor!
  1838 | D:3      | Found a blossoming altar of Fedhas.
  1960 | D:1      | Reached ** piety under Lugonu
  1961 | D:1      | Gained mutation: You have a somewhat thin skeletal
                  | structure. (Dex +2, Stealth+) [demonic ancestry]
  1961 | D:1      | Reached XP level 4. HP: 15/37 MP: 6/6
  2561 | D:1      | Mangled by a gnoll

Illustrated notes

Levels and vault maps discovered:
D:1:      amcnicky_arrival_double_pillar, layout_basic,
          chequers_ecumenical_altar_simple, st_stairs_4,
          kennysheep_another_room, chequers_serial_rivers_small_a
D:2:      layout_basic, basic_altar, serial_shops, shop,
          minmay_shallow_snake_nest, uniq_sigmund
D:3:      layout_basic, mainiacjoe_overflow_surrounded_room, dk_vineyard_1

Skill      XL: |  1  2 |
---------------+-------+-----
Long Blades    | 2 |  2.7
Invocations    | 3 |  3.9
Fighting       | |  3.7
Armour         | |  1.7
Dodging        | |  0.8

Action                   |  1- 3 |  4- 6 || total
-------------------------+-------+-------++-------
Melee: Falchion          |    77 |    17 ||    94
Invok: Depart the Abyss  |     1 |       ||     1
  Use: Scroll            |     3 |       ||     3
       Potion            |     2 |       ||     2
Armor: Scale mail        |    45 |    13 ||    58
Dodge: Dodged            |    38 |    22 ||    60

Table legend: (Time is in decaauts)
 A = Elapsed time spent in this place.
 B = Non-inter-level travel time spent in this place.
 C = Inter-level travel time spent in this place.
 D = Time resting spent in this place.
 E = Time spent auto-exploring this place.
 F = Levels seen in this place.
 G = Mean time per level.
                   A        B        C        D        E       F      G
               +--------+--------+--------+--------+--------+-----+--------+
         Total |   2581 |   2516 |     65 |   1247 |    949 |   6 |  430.2 |
       Dungeon |   2524 |   2459 |     65 |   1247 |    924 |   3 |  841.3 |
         Abyss |     56 |     56 |      0 |      0 |     25 |   3 |   18.7 |
               +--------+--------+--------+--------+--------+-----+--------+

Top non-repeatable levels by time:
     D:1: 2110 daAuts
     D:2: 321 daAuts
     D:3: 92 daAuts
 Abyss:3: 26 daAuts
 Abyss:1: 21 daAuts
 Abyss:2: 8 daAuts
